 Dungeon Crawl Stone Soup version 0.28-a0-384-g9e0c098162 (webtiles) character file.

Game seed: 3019723693015971920

42 sizableburger the Skirmisher (level 3, -3/29 HPs)
             Began as a Mummy Cinder Acolyte on Sept 2, 2021.
             Was a High Priest of Ignis.
             Slain by an iguana (14 damage)
             ... on level 2 of the Dungeon.
             The game lasted 00:04:14 (1772 turns).

sizableburger the Skirmisher (Mummy Cinder Acolyte) Turns: 1772, Time: 00:04:15

Health: -3/29      AC:  2    Str: 17    XL:     3   Next: 33%
Magic:  1/5        EV: 11    Int: 14    God:    Ignis [*****.]
Gold:   54         SH:  0    Dex:  7    Spells: 2/4 levels left

rFire   . . .      SeeInvis .   a - -1 spear (flame)
rCold   + . .      Faith    .   (no shield)
rNeg    + + +      Spirit   .   b - +0 robe
rPois   ∞          Reflect  .   (no helmet)
rElec   .          Harm     .   c - scarf {shadows}
rCorr   .          Rampage  .   (no gloves)
Will    .....                   (no boots)
Stlth   +.........              (no amulet)
HPRegen 0.09/turn               (no ring)
MPRegen 0.09/turn               (no ring)

@: very slightly contaminated
A: cold resistance 1, negative energy resistance 3, torment resistance 2, heat
vulnerability 1, no potions
a: Renounce Religion, Sea of Fire, Foxfire Swarm, Rising Flame


You were on level 2 of the Dungeon.
You worshipped Ignis.
Ignis was extremely pleased with you.
You visited 1 branch of the dungeon, and saw 2 of its levels.

You collected 54 gold pieces.

Inventory:

Hand Weapons
 a - a -1 spear of flaming (weapon)
Armour
 b - a +0 robe (worn)
 c - a scarf of shadows (worn)


   Skills:
 + Level 3.5 Fighting
 + Level 2.9 Polearms
 - Level 1.3 Spellcasting
 + Level 2.9 Fire Magic


You had 2 spell levels left.
You knew the following spells:

 Your Spells              Type           Power      Damage    Failure   Level
a - Scorch                Fire           18%        2d6       12%         2

Your spell library contained the following spells:

 Spells                   Type           Power      Damage    Failure   Level


Dungeon Overview and Level Annotations

Branches:
Dungeon (2/15)

Altars:


Innate Abilities, Weirdness & Mutations

You are immune to poison.
Your flesh is cold resistant. (rC+)
You are immune to negative energy. (rN+++)
You are immune to unholy pain and torment.
You are vulnerable to heat. (rF-)
You do not drink.


Message History

Casting: Scorch (safe; 12% risk of failure)
Confirm with . or Enter, or press ? or * to list all spells.
Flames lash the worm.
The worm is heavily wounded.
The worm's fire resistance burns away.
You hear an angry hiss.
A ball python comes into view.
An iguana comes into view.
A hobgoblin comes into view.
The worm is no longer more vulnerable to fire.
You see here an adder corpse.
You start resting.
An iguana is nearby!
Casting: Scorch (safe; 12% risk of failure)
Confirm with . or Enter, or press ? or * to list all spells.
You miscast Scorch.
You are very lightly contaminated with residual magic.
Nothing appears to happen.
Casting: Scorch (safe; 12% risk of failure)
Confirm with . or Enter, or press ? or * to list all spells.
Flames lash the iguana.
The iguana is moderately wounded.
The iguana's fire resistance burns away.
You closely miss the iguana.
The iguana is moderately wounded.
The iguana bites you!
You hit the iguana. You burn the iguana.
The iguana is heavily wounded.
The iguana bites you.
You can't drink.
As you read the scroll labelled UFOP UDOENAYRR, it crumbles to dust.
It is a scroll of identify.
You don't have any unidentified items.
The iguana bites you.
You barely miss the iguana.
The iguana is heavily wounded.
The iguana is no longer more vulnerable to fire.
You barely miss the iguana.
The iguana is heavily wounded.
The iguana bites you!
You die...

#####.#
#.##......#.#
#.....#
#.##.###..#.#
#.#####
#.##.#≈#.##.# #.#
#.##.###.##.# #.#
#.##.....##.#
#.###
#.###.####..#
.#..#####.#
#.......#
###.......#
####.#.##
.#>#.###### #@#.#
#.##.# #l#.# ....
####.# #†#.### #..
.l.. #.# #.)...#
#.# .... #..
#.w...###.# ....
### #......<..#
##.?..
#.....###.###.....
#.....##...##.....
###...l..#..w...g#


You could see a worm and an iguana.

Vanquished Creatures
  An adder (D:2)
  A dart slug (D:2)
  5 endoplasms
  A giant cockroach (D:1)
  2 hobgoblins (D:1)
  A quokka (D:1)
  3 ball pythons (D:1)
  4 bats
  3 frilled lizards
  2 goblins
  6 kobolds
  A rat (D:1)
30 creatures vanquished.

Vanquished Creatures (others)
  7 foxfires (D:1)
7 creatures vanquished.

Grand Total: 37 creatures vanquished

Notes
Turn   | Place    | Note
-------+----------+-------------------------------------------
     0 | D:1      | sizableburger the Mummy Cinder Acolyte began the quest for
                  | the Orb.
     0 | D:1      | Reached XP level 1. HP: 18/18 MP: 2/2
   762 | D:1      | Reached XP level 2. HP: 24/24 MP: 4/4
  1222 | D:1      | Learned a level 2 spell: Scorch
  1677 | D:2      | Reached XP level 3. HP: 28/29 MP: 5/5
  1772 | D:2      | Slain by an iguana

Illustrated notes

Levels and vault maps discovered:
D:1:      scummos_arrival_star, layout_basic
D:2:      layout_loops_ring, hellmonk_ecumenical_altar_inner_sanctum,
          minmay_misc_feat_secret_circle, feat_on_display

Action                   || total
-------------------------++-------
Melee: Spear             ||   111
 Cast: Scorch            ||     4
Invok: Foxfire Swarm     ||     1
  Use: Scroll            ||     3
Armor: Robe              ||    13
Dodge: Dodged            ||    65

Table legend: (Time is in decaauts)
 A = Elapsed time spent in this place.
 B = Non-inter-level travel time spent in this place.
 C = Inter-level travel time spent in this place.
 D = Time resting spent in this place.
 E = Time spent auto-exploring this place.
 F = Levels seen in this place.
 G = Mean time per level.
                   A        B        C        D        E       F      G
               +--------+--------+--------+--------+--------+-----+--------+
         Total |   1768 |   1755 |     13 |    465 |   1025 |   2 |  884.0 |
       Dungeon |   1768 |   1755 |     13 |    465 |   1025 |   2 |  884.0 |
               +--------+--------+--------+--------+--------+-----+--------+

Top non-repeatable levels by time:
     D:1: 1485 daAuts
     D:2: 283 daAuts
